 Dungeon Crawl Stone Soup version 0.29.1-1-gd02db6906a (webtiles) character file.

Game seed: 1631822772200661355

2949 mcbry74 the Summoner (level 9, -2/57 HPs)
             Began as a Merfolk Summoner on Sept 15, 2022.
             Was a Follower of Sif Muna.
             Slain by a steam dragon (4 damage)
             ... on level 7 of the Dungeon.
             The game lasted 00:50:17 (7894 turns).

mcbry74 the Summoner (Merfolk Summoner)             Turns: 7894, Time: 00:50:17

Health: -2/57      AC:  2    Str: 10    XL:     9   Next: 81%
Magic:  3/12       EV: 13    Int: 17    God:    Sif Muna [*.....]
Gold:   283        SH:  0    Dex: 14    Spells: 0/12 levels left

rFire   . . .      SeeInvis .   v - +0 trident
rCold   . . .      Faith    .   (no shield)
rNeg    + . .      Spirit   .   a - +0 robe
rPois   +          Reflect  .   (no helmet)
rElec   .          Harm     .   (no cloak)
rCorr   .          Rampage  .   (no gloves)
Will    .....                   (no boots)
Stlth   ++........              (no amulet)
HPRegen 0.19/turn               d - ring of positive energy
MPRegen 0.13/turn               u - ring of poison resistance

@: no status effects
A: (nimble swimmer 2), mertail
a: Renounce Religion, Channel Magic


You were on level 7 of the Dungeon.
You worshipped Sif Muna.
Sif Muna was aware of your devotion.
You visited 2 branches of the dungeon, and saw 8 of its levels.

You collected 283 gold pieces.

Inventory:

Hand Weapons
 f - a +0 short sword
 g - a +0 whip
 n - a +0 dagger of draining
 r - a +0 demon whip of flaming
 v - a +0 trident (weapon)
 x - the +8 hand axe of Embarrassment {speed, *Rage rF+++ rCorr}
   (You found it on level 3 of the Dungeon)

   Attacks with this weapon are significantly faster.
   rF:        It renders you almost immune to fire.
   *Rage:     It berserks you when you make melee attacks (+20% chance).
   rCorr:     It protects you from acid and corrosion.
 B - a +2 vampiric dagger
Missiles
 k - 2 throwing nets
 C - 3 poisoned darts
 K - 5 javelins
Armour
 a - a +0 robe (worn)
 l - a +0 helmet
Jewellery
 d - a ring of positive energy (left hand)
 i - a ring of resist corrosion
 u - a ring of poison resistance (right hand)
 G - a +6 ring of strength
 J - the ring of Yesterday {rElec Will- MP+9 Str+2}
   (You found it on level 7 of the Dungeon)

   [ring of magical power]

   Str:       It affects your strength (+2).
   rElec:     It insulates you from electricity.
   MP:        It affects your magic capacity (+9).
   Will:      It decreases your willpower.
Wands
 H - a wand of quicksilver (7)
 I - a wand of digging (5)
Scrolls
 c - 3 scrolls of identify
 e - 3 scrolls of immolation {unknown}
 j - 2 scrolls of amnesia {unknown}
 o - a scroll of fear {unknown}
 p - a scroll of summoning {unknown}
 q - 4 scrolls of noise {unknown}
 w - a scroll of enchant armour {unknown}
 y - a scroll of torment {unknown}
 D - a scroll of enchant weapon {unknown}
 E - a scroll of blinking {unknown}
Potions
 b - a potion of magic
 h - 2 potions of haste
 m - 3 potions of might
 s - 3 potions of curing {unknown}
 t - a potion of ambrosia
 z - 3 potions of flight
 A - 2 potions of attraction
 F - a potion of heal wounds {unknown}


   Skills:
 * Level 5.5 Polearms
 + Level 3.8 Dodging
 - Level 2.1 Stealth
 - Level 2.0 Spellcasting
 + Level 7.5 Hexes
 + Level 10.5 Summonings


You couldn't memorise any spells.
You knew the following spells:

 Your Spells              Type           Power      Damage    Failure   Level
a - Summon Small Mammal   Summ           100%       N/A       1%          1
b - Call Imp              Summ           37%        N/A       1%          2
c - Call Canine Familiar  Summ           37%        N/A       1%          3
d - Summon Guardian Gole  Hex/Summ       32%        N/A       1%          3
e - Confusing Touch       Hex            27%        N/A       2%          3

Your spell library contained the following spells:

 Spells                   Type           Power      Damage    Failure   Level
 Slow                     Hex            100%       N/A       1%          1
 Animate Armour           Summ/Erth      38%        N/A       22%         4
 Summon Lightning Spire   Summ/Air       19%        N/A       22%         4
 Vampiric Draining        Necr           1%         2d6       50%         3
 Blade Hands              Tmut           0%         N/A       99%         5
 Iron Shot                Conj/Erth      0%         9d1       100%        6


Dungeon Overview and Level Annotations

Branches:
Dungeon (7/15)             Temple (1/1) D:5

Altars:
Dithmenos
Elyvilon
Fedhas
Hepliaklqana
Kikubaaqudgha
Makhleb
Nemelex Xobeh
Okawaru
Qazlal
Ru
Sif Muna
Uskayaw
Vehumet
Xom
Yredelemnul
Zin


Innate Abilities, Weirdness & Mutations

((You are very nimble when in or above water. (Stealth+, EV+, Speed+++)))
Your lower body shifts to a powerful aquatic tail in water.


Message History

The steam dragon claws your guardian golem.
Your crimson imp hits the steam dragon.
You could not reach far enough!
The steam dragon breathes steam at you.
The ball of steam hits your guardian golem!
Your guardian golem resists.
The ball of steam hits you!!
* * * LOW HITPOINT WARNING * * *
Your hound is engulfed in a cloud of scalding steam.
Your crimson imp blinks!
The steam dragon breathes steam at you.
The ball of steam hits your guardian golem!
Your guardian golem resists.
The ball of steam misses you.
You hear a twanging sound.
An arrow appears from out of your range of vision.
You hear a twanging sound.
An arrow appears from out of your range of vision.
The arrow hits your hound!
Your hound is engulfed in a cloud of scalding steam.
You hear a twanging sound.
An arrow appears from out of your range of vision.
The arrow hits your hound!
Your hound dies!
Your hound's corpse disappears in a puff of smoke!
Your guardian golem is destroyed!
Your guardian golem disappears in a puff of smoke!
You hear a twanging sound. x2
The centaur shoots an arrow.
The arrow hits you.
* * * LOW HITPOINT WARNING * * *
The centaur shoots an arrow.
The arrow hits you.
* * * LOW HITPOINT WARNING * * *
The centaur shoots an arrow.
The arrow hits you!
* * * LOW HITPOINT WARNING * * *
Casting: Summon Guardian Golem (safe; 1% risk of failure)
Confirm with . or Enter, or press ? or * to list all spells.
The centaur shoots an arrow.
The arrow hits your hound!
The steam dragon attacks as you move away!
The steam dragon bites you.
You die...

....# ##..5#.###..
..>.### #.§#§..###
....... #.###....#
......# #.5#...#.##
...##.# ##.Dc......
#.## ####.#...####.
.# #...###..#### #
#.##D##5#.......
#....@.hc.......
.......###..~⌠~...
#
..#########..~~~.##
.......<.[.......#
###########....###
######


You could see a steam dragon (ally target), a centaur (ally target), a friendly
hound (summoned) and a friendly crimson imp (summoned).

Vanquished Creatures
  2 yaks (D:5)
  2 ogres
  A phantom (D:6)
  3 scorpions
  2 hounds (D:5)
  A jelly (D:6)
  2 orc wizards (D:5)
  An iguana (D:6)
  5 adders
  2 worms (D:2)
  A dart slug (D:3)
  13 orcs
  An endoplasm (D:2)
  2 giant cockroaches (D:4)
  2 goblins
  A hobgoblin (D:2)
  3 kobolds
  2 quokkas
  A ball python (D:4)
  2 bats (D:2)
  A frilled lizard (D:2)
  5 rats
55 creatures vanquished.

Vanquished Creatures (collateral kills)
  2 yaks
  Eustachio (D:4)
  An ice beast (D:5)
  A sky beast (D:7)
  2 centaurs
  A bullfrog (D:5)
  3 scorpions
  A hound (D:6)
  An orc priest (D:7)
  An iguana (D:6)
  An orc wizard (D:5)
  8 gnolls
  5 adders
  An ufetubus (D:5)
  A worm (D:2)
  2 dart slugs
  6 orcs
  8 endoplasms
  A giant cockroach (D:3)
  4 goblins
  4 hobgoblins
  4 quokkas (D:1)
  8 ball pythons
  4 frilled lizards
  5 kobolds
  2 rats (D:2)
78 creatures vanquished.

Vanquished Creatures (others)
  A ghoul (D:1)
  A vine stalker (D:1)
  An elf (D:1)
  A troll (D:1)
  A spriggan (D:1)
  A human (D:1)
  2 yaks (D:5)
  Menkaure (D:6)
  A naga (D:1)
  An ice beast (D:6)
  4 ogres
  An iguana (D:5)
  2 orc wizards (D:6)
  A mummy (D:1)
  A gnoll (D:6)
  An adder (D:6)
  2 orcs
  4 tentacles (D:1)
27 creatures vanquished.

Grand Total: 160 creatures vanquished

Notes
Turn   | Place    | Note
-------+----------+-------------------------------------------
     0 | D:1      | mcbry74 the Merfolk Summoner began the quest for the Orb.
     0 | D:1      | Reached XP level 1. HP: 13/13 MP: 3/3
     0 | D:1      | Noticed an ogre
     0 | D:1      | Noticed an elf
     0 | D:1      | Noticed a vine stalker
     0 | D:1      | Noticed a spriggan
     0 | D:1      | Noticed a naga
     0 | D:1      | Noticed a kraken
     0 | D:1      | Noticed a ghoul
     0 | D:1      | Noticed a troll
     0 | D:1      | Noticed an ogre
     0 | D:1      | Noticed a human
     0 | D:1      | Noticed an ogre
     5 | D:1      | Killed a vine stalker
     6 | D:1      | Killed an ogre
     7 | D:1      | Killed an ogre
     7 | D:1      | Killed a spriggan
     7 | D:1      | Killed an elf
     9 | D:1      | Killed a naga
     9 | D:1      | Killed a troll
    10 | D:1      | Killed a human
    12 | D:1      | Killed an ogre
    13 | D:1      | Killed a ghoul
   468 | D:1      | Reached XP level 2. HP: 19/19 MP: 0/5
   702 | D:1      | Found a faded altar of an unknown god.
  1281 | D:2      | Reached skill level 5 in Summonings
  1281 | D:2      | Reached XP level 3. HP: 22/24 MP: 3/6
  1594 | D:2      | Reached XP level 4. HP: 30/30 MP: 2/7
  1677 | D:2      | Found a glowing silver altar of Zin.
  2297 | D:3      | Learned a level 2 spell: Call Imp
  2301 | D:3      | Learned a level 3 spell: Call Canine Familiar
  2327 | D:3      | Reached skill level 6 in Summonings
  2664 | D:3      | Reached XP level 5. HP: 35/35 MP: 4/8
  3165 | D:3      | Identified the +8 hand axe of Embarrassment {speed, *Rage
                  | rF+++ rCorr}
  3436 | D:4      | Reached skill level 7 in Summonings
  3436 | D:4      | Reached XP level 6. HP: 41/41 MP: 2/9
  3868 | D:4      | Noticed Eustachio
  3889 | D:4      | Reached skill level 1 in Hexes
  3981 | D:4      | Killed Eustachio
  3982 | D:4      | Reached XP level 7. HP: 46/46 MP: 4/10
  4155 | D:4      | Learned a level 3 spell: Summon Guardian Golem
  4252 | D:5      | Entered Level 5 of the Dungeon
  4254 | D:5      | Noticed a yak
  4292 | D:5      | Reached skill level 8 in Summonings
  4296 | D:5      | Noticed a yak
  4298 | D:5      | Noticed a yak
  4299 | D:5      | Noticed a yak
  4301 | D:5      | Noticed a yak
  4507 | D:5      | Reached XP level 8. HP: 52/52 MP: 3/11
  4625 | D:5      | Found a staircase to the Ecumenical Temple.
  4701 | Temple   | Entered the Ecumenical Temple
  4878 | Temple   | Became a worshipper of Sif Muna the Loreminder
  4961 | D:5      | Reached skill level 5 in Hexes
  4961 | D:5      | Reached skill level 9 in Summonings
  5465 | D:5      | Killed a yak
  5629 | D:5      | Killed a yak
  5637 | D:5      | Killed a yak
  5640 | D:5      | Killed a yak
  5641 | D:5      | Reached XP level 9. HP: 50/57 MP: 1/12
  5642 | D:5      | Reached skill level 10 in Summonings
  5857 | D:5      | Learned a level 3 spell: Confusing Touch
  5896 | D:6      | Reached skill level 1 in Polearms
  6865 | D:6      | Noticed Menkaure
  6881 | D:6      | Killed Menkaure
  7495 | D:7      | Identified the ring of Yesterday {rElec Will- MP+9 Str+2}
  7530 | D:7      | Reached skill level 5 in Polearms
  7737 | D:6      | Reached * piety under Sif Muna
  7892 | D:7      | HP: 2/57 [centaur/arrow (8)]
  7894 | D:7      | Slain by a steam dragon

Illustrated notes

Levels and vault maps discovered:
D:1:      nicolae_arrival_kraken_aquarium_a, layout_loops_cross,
          nicolae_ecumenical_snake_handling
D:2:      layout_basic, basic_altar, minmay_tromino_i4
D:3:      layout_basic
D:4:      layout_basic, uniq_eustachio
D:5:      layout_basic, minmay_temple_entry_mist, corner_web_ring
D:6:      wander_river, layout_basic, nicolae_sextant, minmay_misc_feat_plants,
          amethyst_killhole, uniq_menkaure
D:7:      minmay_the_grid_octo_triangle [minmay_the_grid_octo_shrine,
          minmay_the_grid_octo_prize_star, minmay_the_grid_octo_checkered],
          layout_loops_ring, serial_shops, nicolae_shop_advertising_works
          [nicolae_subvault_shop_adworks], corexii_leaking_fountain,
          eino_curves_03, eino_jars
Temple:   bh_familiar_temple

Skill      XL: |  1  2  3  4  5  6  7  8  9 |
---------------+----------------------------+-----
Summonings     | 5 6 7 8 9 10 | 10.5
Hexes          | 2 4 6 7 |  7.5
Polearms       | 5 |  5.5
Dodging        | 3 |  3.8
Stealth        | |  2.1
Spellcasting   | |  2.0

Action                   |  1- 3 |  4- 6 |  7- 9 || total
-------------------------+-------+-------+-------++-------
Melee: Unarmed           |    10 |       |       ||    10
       Whip              |    16 |       |       ||    16
       Dagger            |    13 |    27 |       ||    40
       Short sword       |     2 |       |       ||     2
       Punch             |     1 |       |       ||     1
       Demon whip        |       |    39 |       ||    39
       Hand axe          |       |    20 |    39 ||    59
       Trident           |       |       |    67 ||    67
 Cast: Summon Small Mamm |    50 |    20 |    16 ||    86
       Call Canine Famil |       |    15 |    29 ||    44
       Call Imp          |       |     9 |    19 ||    28
       Summon Guardian G |       |       |    21 ||    21
       Confusing Touch   |       |       |     1 ||     1
  Use: Scroll            |       |       |     5 ||     5
       Potion            |       |       |     2 ||     2
 Stab: Sleeping          |       |     2 |     1 ||     3
       Distracted        |       |     1 |     1 ||     2
Armor: Robe              |     8 |     6 |    12 ||    26
Dodge: Dodged            |    24 |    26 |    39 ||    89
